 Dungeon Crawl Stone Soup version 0.28.0 (webtiles) character file.

Game seed: 5621753629406215873

498 styxcanada the Stinger (level 6, -4/32 HPs)
             Began as a Deep Elf Venom Mage on Feb 13, 2022.
             Was a Follower of Vehumet.
             Slain by a water moccasin (7 damage)
             ... on level 5 of the Dungeon.
             The game lasted 00:21:44 (6117 turns).

styxcanada the Stinger (Deep Elf Venom Mage)        Turns: 6117, Time: 00:21:45

Health: -4/32      AC:  4    Str:  5    XL:     6   Next: 94%
Magic:  8/16       EV: 12    Int: 22    God:    Vehumet [*.....]
Gold:   268        SH:  0    Dex: 15    Spells: 10/16 levels left

rFire   . . .      SeeInvis .   e - +1 short sword (vorpal)
rCold   . . .      Faith    .   (no shield)
rNeg    . . .      Spirit   .   a - +0 robe
rPois   .          Reflect  .   (no helmet)
rElec   .          Harm     .   l - +0 cloak
rCorr   .          Rampage  .   k - +0 pair of gloves
Will    .....                   (no boots)
Stlth   ++........              (no amulet)
HPRegen 0.10/turn               (no ring)
MPRegen 0.15/turn               (no ring)

@: lethally poisoned (-4 -> -13)
A: no striking features
a: Renounce Religion


You were on level 5 of the Dungeon.
You worshipped Vehumet.
Vehumet was aware of your devotion.
You visited 1 branch of the dungeon, and saw 5 of its levels.

You collected 268 gold pieces.

Inventory:

Hand Weapons
 e - a +1 vorpal short sword (weapon)
 h - a +1 dagger of speed
 i - a +0 hunting sling
 q - a +2 hand axe of flaming
 r - a +0 short sword of holy wrath
Missiles
 c - 73 stones
 d - 13 sling bullets
 p - 7 poisoned darts (quivered)
Armour
 a - a +0 robe (worn)
 k - a +0 pair of gloves (worn)
 l - a +0 cloak (worn)
Scrolls
 m - 2 scrolls of teleportation
 n - 2 scrolls of fog
Potions
 b - a potion of curing
 f - 2 potions of brilliance
 g - a potion of invisibility {unknown}
 j - a potion of attraction {unknown}
 o - a potion of heal wounds {unknown}


   Skills:
 + Level 0.3 Short Blades
 + Level 2.5 Dodging
 * Level 3.4 Stealth
 * Level 5.6 Spellcasting
 * Level 3.6 Transmutations
 * Level 2.0 Air Magic
 * Level 5.6 Poison Magic


You had 10 spell levels left.
You knew the following spells:

 Your Spells              Type           Power      Damage    Failure   Level
a - Sting                 Tmut/Pois      100%       1d8       1%          1
b - Poisonous Vapours     Pois/Air       46%        N/A       3%          2
c - Mephitic Cloud        Conj/Pois/Air  17%        N/A       10%         3

Your spell library contained the following spells:

 Spells                   Type           Power      Damage    Failure   Level
 Shock                    Conj/Air       40%        1d5       6%          1
 Olgreb's Toxic Radiance  Pois           31%        N/A       9%          4
 Gell's Gravitas          Tloc           6%         N/A       28%         3
 Lesser Beckoning         Tloc           6%         N/A       28%         3
 Summon Guardian Golem    Hex/Summ       6%         N/A       28%         3
 Teleport Other           Tloc           6%         N/A       28%         3
 Orb of Destruction       Conj           3%         9d5       100%        7
 Spellforged Servitor     Conj/Summ      3%         N/A       100%        7


Dungeon Overview and Level Annotations

Branches:
Dungeon (5/15)
 Temple: D:4-7

Altars:
Vehumet


Message History

The water moccasin poisons you!
Casting: Sting (safe; 1% risk of failure)
Confirm with . or Enter, or press ? or * to list all spells.
Aiming: Sting (safe; 1% risk of failure)
Press: ? - help, Shift-Dir - straight line, f/p - water moccasin
Aim: a water moccasin (heavily wounded, very poisoned, 63% to hit)
The sting hits the water moccasin.
The water moccasin partially resists.
The water moccasin is heavily wounded.
* * * LOW HITPOINT WARNING * * *
You feel extremely sick. The water moccasin closely misses you.
You feel better. The water moccasin bites you.
You are lethally poisoned!
The water moccasin poisons you! The water moccasin bites you.
You feel better. The water moccasin misses you.
Casting: Sting (safe; 1% risk of failure)
Confirm with . or Enter, or press ? or * to list all spells.
Aiming: Sting (safe; 1% risk of failure)
Press: ? - help, Shift-Dir - straight line, f/p - water moccasin
Aim: a water moccasin (heavily wounded, poisoned, 63% to hit)
The sting hits the water moccasin.
The water moccasin partially resists.
The water moccasin is severely wounded.
The water moccasin bites you!
You closely miss the water moccasin.
The water moccasin is severely wounded.
The water moccasin bites you.
* * * LOW HITPOINT WARNING * * *
You are lethally poisoned!
The water moccasin poisons you! The water moccasin barely misses you.
Casting: Sting (safe; 1% risk of failure)
Confirm with . or Enter, or press ? or * to list all spells.
Aiming: Sting (safe; 1% risk of failure)
Press: ? - help, Shift-Dir - straight line, f/p - water moccasin
Aim: a water moccasin (severely wounded, poisoned, 63% to hit)
The sting hits the water moccasin.
The water moccasin partially resists.
The water moccasin is almost dead.
* * * LOW HITPOINT WARNING * * *
You feel very sick. The water moccasin bites you!
You die...

#.# #.# #.# #.# #
#.###.# #.....#.#
#S......# #@#
####.####
#.......#
#.##.##.#
#.<.....#
#.##....#
..######.##....###
.................+
########.......###


You could see a water moccasin (poisoned).

Vanquished Creatures
  A sky beast (D:4)
  A phantom (D:4)
  A scorpion (D:4)
  A hound (D:4)
  An orc priest (D:4)
  A gnoll shaman (D:4)
  An iguana (D:4)
  A hound skeleton (D:2)
  A gnoll (D:4)
  5 adders
  An adder skeleton (D:4)
  2 worms
  A dart slug (D:1)
  5 orcs (D:4)
  10 ball pythons
  3 bats
  3 endoplasms
  6 giant cockroaches
  8 goblins
  5 hobgoblins
  3 jackals (D:2)
  3 quokkas
  3 frilled lizards
  10 kobolds
  4 rats
81 creatures vanquished.

Vanquished Creatures (collateral kills)
  An endoplasm (D:2)
  A hobgoblin (D:2)
  A rat (D:2)
3 creatures vanquished.

Vanquished Creatures (others)
  A fungus (D:1)
  4 toadstools (D:1)
5 creatures vanquished.

Grand Total: 89 creatures vanquished

Notes
Turn   | Place    | Note
-------+----------+-------------------------------------------
     0 | D:1      | styxcanada the Deep Elf Venom Mage began the quest for the
                  | Orb.
     0 | D:1      | Reached XP level 1. HP: 10/10 MP: 6/6
   609 | D:1      | Reached XP level 2. HP: 15/15 MP: 2/8
  1206 | D:1      | Found a faded altar of an unknown god.
  1997 | D:1      | Reached XP level 3. HP: 14/19 MP: 6/9
  2019 | D:1      | Learned a level 2 spell: Poisonous Vapours
  3219 | D:2      | Reached XP level 4. HP: 15/24 MP: 8/11
  4639 | D:3      | Found a radiant altar of Vehumet.
  4643 | D:3      | Became a worshipper of Vehumet
  4854 | D:4      | Noticed a sky beast
  4865 | D:4      | Reached XP level 5. HP: 25/28 MP: 7/13
  4876 | D:4      | Killed a sky beast
  4877 | D:4      | Reached skill level 5 in Poison Magic
  5150 | D:4      | Reached skill level 1 in Air Magic
  5150 | D:4      | Reached XP level 6. HP: 32/32 MP: 9/15
  5219 | D:4      | Reached skill level 5 in Spellcasting
  5508 | D:4      | Learned a level 3 spell: Mephitic Cloud
  5689 | D:4      | Reached * piety under Vehumet
  5689 | D:4      | Offered knowledge of Shock by Vehumet.
  6088 | D:5      | Entered Level 5 of the Dungeon
  6103 | D:5      | Noticed a water moccasin
  6117 | D:5      | Slain by a water moccasin

Illustrated notes

Levels and vault maps discovered:
D:1:      sevenhm_arrival_forest_fort_large_2, layout_loops_ring,
          dreamdust_ecumenical_altar_angels_and_demons, grunt_decor_junction,
          st_stairs_4, chequers_serial_rivers_room_a, minmay_gold_behind_fungi
D:2:      layout_basic, grunt_ministairs_3
D:3:      layout_loops_cross, mainiacjoe_overflow_alcove_4, minivault_26
D:4:      minmay_bubble_buster, layout_rooms
D:5:      layout_loops_corners, grunt_ashenzari_visionary
          [grunt_ashenzari_visionary_shoals, grunt_ashenzari_visionary_snake]

Skill      XL: |  1  2  3  4  5  6 |
---------------+-------------------+-----
Transmutations | 2 3 |  3.6
Poison Magic   | 4 5 |  5.6
Spellcasting   | 4 5 |  5.6
Stealth        | 3 |  3.4
Air Magic      | 1 2 |  2.0
Short Blades   | |  0.3
Dodging        | |  2.5

Action                   |  1- 3 |  4- 6 || total
-------------------------+-------+-------++-------
Melee: Unarmed           |     1 |       ||     1
       Short sword       |     9 |    10 ||    19
       Dagger            |    15 |       ||    15
       Punch             |     1 |       ||     1
 Cast: Sting             |    61 |    63 ||   124
       Poisonous Vapours |     5 |    26 ||    31
       Mephitic Cloud    |       |     1 ||     1
  Use: Scroll            |       |    14 ||    14
       Potion            |       |     2 ||     2
 Stab: Sleeping          |     1 |     2 ||     3
Armor: Robe              |     7 |     5 ||    12
Dodge: Dodged            |    36 |    25 ||    61
